 Dungeon Crawl Stone Soup version 0.28.0 (webtiles) character file.

Game seed: 11202372924053447512

111 oldriver the Skirmisher (level 4, -14/40 HPs)
             Began as a Palentonga Fighter on Feb 4, 2022.
             Demolished by an ogre (26 damage)
             ... on level 3 of the Dungeon.
             The game lasted 00:03:24 (2227 turns).

oldriver the Skirmisher (Palentonga Fighter)        Turns: 2227, Time: 00:03:24

Health: -14/40     AC: 10    Str: 21    XL:     4   Next: 62%
Magic:  0/4        EV:  7    Int:  9    God:
Gold:   78         SH:  4    Dex:  9    Spells: 3/3 levels left

rFire   . . .      SeeInvis +   a - +0 long sword
rCold   . . .      Faith    .   c - +0 buckler
rNeg    . . .      Spirit   +   m - +0 scale mail
rPois   .          Reflect  .   (no helmet)
rElec   .          Harm     .   (no cloak)
rCorr   .          Rampage  .   (no gloves)
Will    .....                   (no barding)
Stlth   ..........              n - amulet of guardian spirit
HPRegen 0.13/turn               f - +4 ring of protection
MPRegen 0.09/turn               (no ring)

@: mighty
A: large, rugged brown scales 3, see invisible, deformed body, roll 1, armoured
tail
a: Rolling Charge


You were on level 3 of the Dungeon.
You visited 1 branch of the dungeon, and saw 3 of its levels.

You collected 78 gold pieces.

Inventory:

Hand Weapons
 a - a +0 long sword (weapon)
 b - a +0 hunting sling
Missiles
 l - 14 sling bullets
Armour
 c - a +0 buckler (worn)
 i - a +0 kite shield
 m - a +0 scale mail (worn)
Jewellery
 f - a +4 ring of protection (left hand)
 n - an amulet of guardian spirit (around neck)
Scrolls
 g - a scroll of magic mapping {unknown}
 h - a scroll of amnesia
Potions
 e - a potion of invisibility {unknown}
 j - a potion of brilliance
 k - a potion of degeneration {unknown}


   Skills:
 + Level 4.3 Fighting
 + Level 3.7 Long Blades
 - Level 2.4 Armour
 - Level 2.4 Shields


You had 3 spell levels left.
You didn't know any spells.
Your spell library was empty.

Dungeon Overview and Level Annotations

Branches:
Dungeon (3/15)

Altars:
Cheibriados

Shops:
D:2 *   D:3 (


Innate Abilities, Weirdness & Mutations

You are completely covered in rugged brown scales. (AC +3, +7% HP)
You have supernaturally acute eyesight. (SInv)
Armour fits poorly on your strangely shaped body.
You can roll at nearby foes to attack.
You have a long armoured tail.


Message History

You feel very sick. The adder closely misses you.
You slash the adder!
You kill the adder!
You feel sick.
b - a +0 hunting sling (weapon)
You feel sick.
The ogre shouts!
You shoot a sling bullet. The sling bullet hits the ogre.
The ogre is lightly wounded.
You feel sick.
You shoot a sling bullet.
The sling bullet barely misses the ogre.
You feel sick.
You shoot a sling bullet.
The sling bullet closely misses the ogre.
You feel sick.
You shoot a sling bullet.
The sling bullet barely misses the ogre.
You feel sick.
You are no longer poisoned.
A hobgoblin comes into view.
a - a +0 long sword (weapon)
The hobgoblin shouts!
You barely miss the ogre.
The ogre is lightly wounded.
The ogre hits you with a +0 giant spiked club.
Okay, then.
You see here a +0 club.
There is a stone staircase leading up here.
Okay, then.
Okay, then.
You feel very mighty all of a sudden.
The ogre hits you with a +0 giant spiked club!
* * * LOW HITPOINT WARNING * * *
You slash the ogre! You tail-slap the ogre!
The ogre is severely wounded.
The ogre hits you with a +0 giant spiked club!!
Ouch! That really hurt!
You die...

#...............# ########.##
#...........###.# #...[........
#..#.......##.# ##...........#
#........#....###............#
####.##..#..###..................
............###....)............#
...........###......)..........#
...............................##
.........).....)@O.g.............
............###...[............##
........†...# #..........>.....##
...........<# #......##..........
...........####.........#......##
.............#######..###.####...
...#.##......# ##......##.# ##.†
...#.####....###..####....# ...
...#..#####....#.### ###..## #...


You could see an ogre and a hobgoblin.

Vanquished Creatures
  A hound (D:2)
  4 adders
  2 dart slugs
  5 bats
  2 endoplasms
  3 giant cockroaches
  2 goblins
  6 hobgoblins
  7 kobolds
  2 quokkas (D:2)
  5 ball pythons
  2 frilled lizards
  2 rats
43 creatures vanquished.

Notes
Turn   | Place    | Note
-------+----------+-------------------------------------------
     0 | D:1      | oldriver the Palentonga Fighter began the quest for the
                  | Orb.
     0 | D:1      | Reached XP level 1. HP: 19/19 MP: 1/1
   397 | D:1      | Reached XP level 2. HP: 25/25 MP: 2/2
   790 | D:2      | Reached XP level 3. HP: 27/31 MP: 3/3
   844 | D:2      | Reached skill level 4 in Fighting
   849 | D:2      | Reached XP level 4. HP: 38/39 MP: 4/4
   992 | D:2      | Found Xeorif's General Store.
   997 | D:2      | Found a snail-covered altar of Cheibriados.
  1700 | D:3      | Noticed an ogre
  2193 | D:3      | Found Wetouweda's Antique Weapon Shop.
  2227 | D:3      | Demolished by an ogre

Illustrated notes

Levels and vault maps discovered:
D:1:      psy_arrival_terrarium, layout_basic
D:2:      layout_basic, serial_shops, shop, basic_altar, minmay_misc_feat_plants
D:3:      layout_rooms, serial_shops, shop, kennysheep_generic_room_16,
          uniq_ijyb, uniq_natasha

Skill      XL: |  1  2  3 |
---------------+----------+-----
Fighting       | 4 |  4.3
Long Blades    | 3 |  3.7
Armour         | |  2.4
Shields        | |  2.4

Action                   |  1- 3 |  4- 6 || total
-------------------------+-------+-------++-------
Melee: Long sword        |    56 |    64 ||   120
       Tailslap          |     4 |     3 ||     7
 Fire: Hunting sling     |       |    30 ||    30
 Abil: Rolling Charge    |     8 |     8 ||    16
  Use: Scroll            |       |     5 ||     5
       Potion            |       |     1 ||     1
Armor: Scale mail        |    50 |    47 ||    97
Dodge: Dodged            |    22 |    28 ||    50
Block: Buckler           |    12 |     7 ||    19
